cohdb
Replays
Latest Replays
All Replays
Popular Replays
Top Player Replays
Match Explorer
How It Works
Community
CoH3 Stats
Reddit
Sign in to upload your games and track your stats! →
Sign in with Steam
Match 39302220
Unlisted
Match 39302220
Overview
Messages
Build Orders
End
Panzergrenadier Squad
Panzergrenadier Squad
Construct Light Support Kompanie
MG34 Team
Fire Support Elements
Selects Italian Infantry
2.5-tonne Medical Truck
le.IG 18 Mechanized Group
Combat Half-tracks
Selects Guastatori Squad
Selects L6/40 Light Tank Combat Group
Guastatori Squad
Selects Defensive Operations
Selects Sound the Alarm
Construct Mechanized Kompanie
Pak 38 Anti-tank Gun Team
Marder III Tank Destroyer
Marder III Tank Destroyer
StuG III D Assault Gun
Emergency Repair Kits
Selects Territory Booby Traps
Construct Panzerarmee Kommand
Selects Towed Cannone da 105/28 Field Howitzer
Assault Mechanized Group
UNION Vicious
Cool
belisarius
GH0ST
Veritech
w33k
PWNZISCHEME
Mael Radec
0
0
Comments
sign in to comment!
No comments posted yet!